 Dungeon Crawl Stone Soup version 0.31-a0-700-gf13585253f (webtiles) character file.

Game seed: 14957424202724216027

90 qw the Shooter (level 4, -2/28 HPs)
             Began as a Gargoyle Hunter on Sept 7, 2023.
             Slain by Duvessa
             ... wielding a +0 short sword
              (4 damage)
             ... on level 4 of the Dungeon.
             The game lasted 00:00:45 (1783 turns).

qw the Shooter (Gargoyle Hunter)                    Turns: 1783, Time: 00:00:45

Health: -2/28      AC:  8    Str: 15    XL:     4   Next: 56%
Magic:  4/4        EV: 11    Int:  9    God:
Gold:   123        SH:  0    Dex: 22    Spells: 3/3 levels left

rFire   x . .        Y - +0 shortbow (freeze)
rCold   + . .        (shield currently unavailable)
rNeg    + . .        a - +0 ring mail
rPois   inf          (no helmet)
rElec   +            (no cloak)
rCorr   .            (no gloves)
SInv    .            (no boots)
Will    .....        (no amulet)
Stlth   +            i - ring "Tuxat" {Ice Dex+7}
HPRegen 0.24/turn    (no ring)
MPRegen 0.09/turn

%: no passive effects
@: no status effects
A: sickness immunity, AC +3, negative energy resistance 1, electricity
resistance, torment resistance 1, petrification resistance
a: no special abilities


You were on level 4 of the Dungeon.
You visited 1 branch of the dungeon, and saw 4 of its levels.

You collected 123 gold pieces.


Innate Abilities, Weirdness & Mutations

You are immune to sickness and miasma.
Your stone body is resilient. (AC +3)
You are immune to poison.
You resist negative energy. (rN+)
You are resistant to electric shocks. (rElec)
You are resistant to unholy torment.
You are immune to petrification.


   Skills:
 - Level 3.0 Fighting
 + Level 5.3 Ranged Weapons
 - Level 1.0 Armour
 - Level 1.5 Dodging
 - Level 1.1 Stealth


You had 3 spell levels left.
You didn't know any spells.
Your spell library was empty.

Inventory:

Hand Weapons
 Y - a +0 shortbow of freezing (weapon)
Armour
 a - a +0 ring mail (worn)
Jewellery
 i - the ring "Tuxat" (left hand) {Ice Dex+7}
   (You found it on level 2 of the Dungeon)

   [ring of ice]

   Ice:       It enhances your ice magic.
   Dex+7:     It affects your dexterity (+7).
   rF-:       It makes you vulnerable to fire.
   rC+:       It protects you from cold.
Scrolls
 b - a scroll of identify
 k - a scroll of revelation {unknown}
Potions
 c - a potion of lignification {unknown}
 d - a potion of haste
 e - a potion of mutation
 f - a potion of curing
 g - a potion of resistance
 h - a potion of enlightenment {unknown}
 j - a potion of degeneration {unknown}

Dungeon Overview and Level Annotations

Branches:
Dungeon (4/15)
 Temple: D:4-7

Altars:

Annotations:
D:4 Dowan, Duvessa


Message History

Enter note: You shoot an arrow.
The arrow hits Duvessa but does no damage.
Duvessa shouts!
You shoot an arrow.
Dowan shouts!
The arrow hits Duvessa but does no damage.
You shoot an arrow. The arrow hits Duvessa.
The arrow freezes Duvessa.
Duvessa is lightly wounded.
You shoot an arrow. The arrow hits Duvessa.
The arrow freezes Duvessa.
Duvessa is lightly wounded.
You shoot an arrow.
The arrow hits Duvessa but does no damage.
Duvessa is lightly wounded.
You shoot an arrow. The arrow hits Duvessa.
The arrow freezes Duvessa.
Duvessa is moderately wounded.
Duvessa hits you but does no damage. Duvessa hits you with a +0 short sword.
Dowan hits you but does no damage.
You shoot an arrow.
The arrow hits Duvessa but does no damage.
Duvessa is moderately wounded.
Dowan closely misses you. Duvessa hits you but does no damage.
You shoot an arrow. The arrow hits Duvessa.
The arrow freezes Duvessa.
Duvessa is heavily wounded.
Dowan gestures at you while chanting. The puff of frost hits you. You resist.
Duvessa hits you with a +0 short sword!
You shoot an arrow.
The arrow hits Duvessa but does no damage.
Duvessa is heavily wounded.
Duvessa hits you with a +0 short sword. Dowan completely misses you.
You shoot an arrow. The arrow hits Duvessa.
The arrow freezes Duvessa.
Duvessa is heavily wounded.
Duvessa hits you with a +0 short sword. Dowan barely misses you.
Duvessa misses you. Dowan hits you with a +0 dagger.
You shoot an arrow.
The arrow hits Duvessa but does no damage.
Duvessa is heavily wounded.
Dowan gestures wildly while chanting.
Dowan blinks!
Duvessa hits you with a +0 short sword.
You die...

######################
#....#................
#......#......@e......
#......#.......ยค......
#......#..............
#......+...(....e.....
#.<....#..............
#..##..#..............
###..##..##########.....
...............(..#.....
..................#


You could see Duvessa and Dowan.

Vanquished Creatures
  3 adders
  An orc (D:3)
  5 ball pythons
  12 endoplasms
  A giant cockroach (D:1)
  8 goblins
  3 hobgoblins (D:2)
  3 jackals (D:1)
  A quokka (D:1)
  8 bats
  3 frilled lizards
  2 kobolds
  7 rats
57 creatures vanquished.

Notes
Turn   | Place    | Note
-------+----------+-------------------------------------------
     0 | D:1      | qw the Gargoyle Hunter began the quest for the Orb.
     0 | D:1      | Reached XP level 1. HP: 12/12 MP: 1/1
     0 | D:1      | 0 ||| qw: Version: 0.3-a-76-g4403597
     0 | D:1      | 0 ||| qw: Game counter: 733
     0 | D:1      | 0 ||| qw: Melee chars always use a shield: true
     0 | D:1      | 0 ||| qw: God list: Okawaru
     0 | D:1      | 0 ||| qw: Allow faded altars: false
     0 | D:1      | 0 ||| qw: Do Orc after clearing Dungeon:15 true
     0 | D:1      | 0 ||| qw: Do second Lair branch before Depths: true
     0 | D:1      | 0 ||| qw: Lair rune preference: random
     0 | D:1      | 0 ||| qw: Goals: Normal
     0 | D:1      | 0 ||| PLANNING D:1-11
    61 | D:1      | Reached XP level 2. HP: 17/17 MP: 2/2
    82 | D:1      | Found a faded altar of an unknown god.
   282 | D:1      | Reached XP level 3. HP: 21/21 MP: 3/3
   336 | D:1      | Reached skill level 5 in Ranged Weapons
   696 | D:1      | 696 ||| READING scroll labelled IZIUMI CUNOZA.
   697 | D:1      | 697 ||| READING scroll labelled OQYKHE WUHILE.
   698 | D:1      | 698 ||| DROPPING scroll of butterflies.
   937 | D:2      | Identified the ring "Tuxat" {Ice Dex+7}
   949 | D:2      | Reached skill level 3 in Fighting
  1152 | D:2      | 1152 ||| UPGRADING to +0 ring mail.
  1162 | D:2      | 1162 ||| DROPPING +0 leather armour.
  1163 | D:2      | 1163 ||| UPGRADING to ring "Tuxat" {Ice Dex+7}.
  1164 | D:2      | 1164 ||| READING 3 scrolls of identify.
  1164 | D:2      | 1164 ||| IDENTIFYING cyan potion
  1165 | D:2      | 1165 ||| READING 2 scrolls of identify.
  1165 | D:2      | 1165 ||| IDENTIFYING fuming clear potion
  1199 | D:3      | 1199 ||| STAIRDANCE
  1206 | D:3      | 1206 ||| STAIRDANCE
  1212 | D:2      | Reached skill level 1 in Armour
  1212 | D:2      | Reached XP level 4. HP: 25/28 MP: 4/4
  1671 | D:3      | 1671 ||| READING scroll labelled ITAS MOTOHA.
  1672 | D:3      | 1672 ||| DRINKING 2 ruby potions.
  1673 | D:3      | 1673 ||| DRINKING 2 smoky pink potions.
  1772 | D:4      | Noticed Duvessa
  1772 | D:4      | Noticed Dowan
  1782 | D:4      | HP: 4/28 [Duvessa/+0 short sword (4)]
  1783 | D:4      | Slain by Duvessa

Levels and vault maps discovered:
D:1:      minmay_arrival_hallway, layout_basic,
          ebering_ecumenical_altar_petrified, minmay_split_cup_small
D:2:      layout_rooms, minmay_splitting_lines, kennysheep_another_room
D:3:      layout_loops_ring
D:4:      layout_gridville, uniq_duvessa

Skill      XL: |  1  2  3 |
---------------+----------+-----
Ranged Weapons | 5 |  5.3
Fighting       | 3 |  3.0
Armour         | 1 |  1.0
Dodging        | |  1.5
Stealth        | |  1.1

Action                     |  1- 3 |  4- 6 || total
---------------------------+-------+-------++-------
   Fire: Shortbow          |   115 |    35 ||   150
    Use: Scroll            |     4 |     1 ||     5
         Potion            |       |     2 ||     2
 Armour: Leather armour    |    24 |       ||    24
         Ring mail         |     6 |    12 ||    18
  Dodge: Dodged            |    38 |     6 ||    44

Table legend:
 A = Non-vault XP
 B = Vault XP
 C = Vault XP percentage of total XP
 D = Non-vault monster count
 E = Vault monster count
 F = Vault count percentage of total count
                 A         B        C        D         E       F
            +---------+---------+-------+---------+---------+-------
      Total |     124 |       5 |   3.9 |      54 |       3 |   5.3
            +---------+---------+-------+---------+---------+-------
        D:1 |      42 |       5 |  10.6 |      26 |       3 |  10.3
        D:2 |      49 |       0 |   0.0 |      16 |       0 |   0.0
        D:3 |      31 |       0 |   0.0 |      11 |       0 |   0.0
        D:4 |       2 |       0 |   0.0 |       1 |       0 |   0.0
            +---------+---------+-------+---------+---------+-------
